 Dungeon Crawl Stone Soup version 0.24.1-4-ge52af88ad5 (webtiles) character file.

Game seed: 6559782221153671667, levelgen mode: deterministic

1045 MajorAdolf the Chopper (level 8, -7/62 HPs)
             Began as a Naga Wanderer on Apr 15, 2020.
             Mangled by an ice beast (8 damage)
             ... on level 5 of the Dungeon.
             The game lasted 00:11:12 (7117 turns).

MajorAdolf the Chopper (Naga Wanderer)              Turns: 7117, Time: 00:11:12

Health: -7/62      AC:  9    Str: 23    XL:     8   Next: 25%
Magic:  10/10      EV:  6    Int: 14    God:
Gold:   230        SH:  4    Dex: 10    Spells: 9/9 levels left

rFire    . . .     SeeInvis +   i - +1 hand axe
rCold    . . .     Gourm    .   j - +0 buckler
rNeg     . . .     Faith    .   q - +0 chain mail
rPois    +         Spirit   .   (no helmet)
rElec    .         Reflect  .   n - +1 cloak
rCorr    .         Harm     .   (no gloves)
MR       +....                  (no barding)
Stlth    ..........             (no amulet)
HPRegen  0.20/turn              s - +2 ring of strength
MPRegen  0.12/turn              (no ring)

@: mighty, very slow
A: large, see invisible, deformed body, poison resistance, slowness 2, slow
metabolism 1, spit poison 1, AC +2
a: Spit Poison


You were on level 5 of the Dungeon.
You were not hungry.

You visited 1 branch of the dungeon, and saw 5 of its levels.
You also visited: Sewer.

You collected 230 gold pieces.

Inventory:

Hand Weapons
 i - a +1 hand axe (weapon)
Armour
 j - a +0 buckler (worn)
 k - a +0 scale mail
 n - a +1 cloak (worn)
 q - a +0 chain mail (worn)
Magical Staves
 y - an uncursed staff of death {unknown}
Jewellery
 h - an uncursed amulet of rage {unknown}
 s - a +2 ring of strength (left hand)
 w - an uncursed ring of magical power {unknown}
 z - an uncursed ring of ice {unknown}
Wands
 b - a wand of enslavement (15)
 v - a wand of iceblast (1)
Scrolls
 c - 2 scrolls of teleportation
 m - a scroll of remove curse
 o - a scroll of enchant weapon
 u - 2 scrolls of fear
 A - 2 scrolls of magic mapping
Potions
 a - 2 potions of haste
 d - a potion of agility {unknown}
 g - 2 potions of mutation {unknown}
 l - 3 potions of curing {unknown}
 r - 2 potions of brilliance {unknown}
 t - 2 potions of heal wounds {unknown}
 x - 3 potions of flight {unknown}
Comestibles
 f - 8 rations


   Skills:
   Level 2.0 Short Blades
 * Level 5.4 Axes
 + Level 2.9 Armour
 + Level 2.1 Dodging
 + Level 4.7 Stealth
 - Level 2.4 Shields
 - Level 1.0 Spellcasting
   Level 2.0 Translocations
   Level 2.6 Poison Magic
 + Level 3.9 Evocations


You had 9 spell levels left.
You didn't know any spells.
Your spell library was empty.

Dungeon Overview and Level Annotations

Branches:
Dungeon (5/15)              Sewer (visited)
 Temple: D:4-7

Altars:
Trog
Zin
The Shining One


Innate Abilities, Weirdness & Mutations

You cannot wear boots.
Your serpentine skin is tough. (AC +2)
You have supernaturally acute eyesight. (SInv)
Armour fits poorly on your strangely shaped body.
Your system is resistant to poisons. (rPois)
You cover ground very slowly.
You have a slow metabolism.
You can spit poison.


Message History

* * * LOW HITPOINT WARNING * * *
Your chain mail prevents you from hitting the ice beast.
The ice beast is heavily wounded.
You block the ice beast's attack.
Unknown command.
You feel very mighty all of a sudden.
The ice beast hits you but does no damage.
You slash the ice beast!
The ice beast is almost dead.
The ice beast hits you.
* * * LOW HITPOINT WARNING * * *
The ice beast freezes you!
* * * LOW HITPOINT WARNING * * *
Unknown command.
You closely miss the ice beast.
The ice beast is almost dead.
The ice beast hits you.
* * * LOW HITPOINT WARNING * * *
The ice beast freezes you!
You die...

#. .# ..... #. .# ...
.# #. #.# #.# #<# #
#.##.####.## #.#
#.#..........# #.#
#.#...###.#..########.#
#.....#
#†#...(.....#.###
#...###.##.#####§......
#..#.Y@###.# ##...5##
#..##### #.# ###.#†#.#
#.Y. ... #........
..... .......#.#.#.#
.....Y. #...######...##
.........
#...........###
#.......... ...........
#.........##
########.## #.#.#


You could see an ice beast.

Vanquished Creatures
  Menkaure (D:4)
  Duvessa (D:4)
  Purgy (Sewer)
  A centaur (D:5)
  An ogre (D:5)
  Dowan (D:4)
  2 scorpions (D:5)
  3 crimson imps (D:5)
  An iguana (D:4)
  An orc wizard (D:5)
  2 worker ants
  7 adders
  2 oozes
  4 worms
  5 dart slugs
  8 leopard geckos
  7 orcs
  2 ball pythons (Sewer)
  15 giant cockroaches
  5 goblins
  12 hobgoblins
  8 jackals
  2 quokkas
  4 bats
  12 frilled lizards
  A jackal skeleton (D:4)
  9 kobolds
  A quokka skeleton (D:5)
  9 rats
128 creatures vanquished.

Notes
Turn   | Place    | Note
-------+----------+-------------------------------------------
     0 | D:1      | MajorAdolf the Naga Wanderer began the quest for the Orb.
     0 | D:1      | MajorAdolf set off with the following items: a +0 falchion,
                  | a wand of enslavement (15), a scroll of teleportation, a +0
                  | robe, a ration
     0 | D:1      | Reached XP level 1. HP: 15/15 MP: 2/2
   236 | D:1      | Reached skill level 1 in Axes
   236 | D:1      | Reached XP level 2. HP: 22/22 MP: 3/3
   414 | D:1      | HP: 1/22 [kobold/+0 dagger (2)]
   992 | D:1      | Reached skill level 2 in Axes
  1001 | D:1      | Reached XP level 3. HP: 20/28 MP: 4/4
  1877 | D:1      | Reached skill level 1 in Armour
  1961 | D:2      | Reached XP level 4. HP: 36/36 MP: 5/5
  2643 | D:2      | Reached skill level 3 in Axes
  2665 | D:2      | HP: 1/36 [poisoned by hobgoblin (curare-tipped dart)]
  3407 | D:2      | Found a glowing golden altar of the Shining One.
  3655 | D:3      | Reached skill level 1 in Shields
  3983 | D:3      | Reached XP level 5. HP: 30/42 MP: 6/6
  4414 | D:3      | Found a bloodstained altar of Trog.
  5111 | D:4      | Noticed Duvessa
  5111 | D:4      | Noticed Dowan
  5114 | D:4      | Killed Duvessa
  5114 | D:4      | Reached XP level 6. HP: 39/49 MP: 8/8
  5116 | D:4      | Killed Dowan
  5116 | D:4      | Reached skill level 4 in Axes
  5392 | D:4      | Noticed Menkaure
  5592 | D:4      | HP: 3/73 [Menkaure (14)]
  5596 | D:4      | Killed Menkaure
  5596 | D:4      | Reached skill level 1 in Dodging
  5596 | D:4      | Reached XP level 7. HP: 4/55 MP: 9/9
  6103 | D:5      | Entered Level 5 of the Dungeon
  6185 | D:5      | Found a glowing drain.
  6195 | Sewer    | Entered a sewer
  6233 | Sewer    | Noticed Purgy
  6249 | Sewer    | Killed Purgy
  6596 | D:5      | Found a glowing silver altar of Zin.
  6668 | D:5      | Reached skill level 5 in Axes
  6788 | D:5      | Reached XP level 8. HP: 50/62 MP: 10/10
  7116 | D:5      | HP: 2/62 [ice beast (9)]
  7117 | D:5      | Mangled by an ice beast

Levels and vault maps discovered:
D:1:      dpeg_arrival_prison, layout_rooms
D:2:      layout_basic, tso_altar, first_ration
D:3:      layout_loops_cross, bloody_trog, hangedman_decor_points
D:4:      minmay_evil_eye, layout_gridville, uniq_duvessa, uniq_menkaure
D:5:      layout_loops_ring, kennysheep_little_box, gup_sewer_entry_pipe

Skill      XL: |  1  2  3  4  5  6  7  8 |
---------------+-------------------------+-----
Axes           | 1 2 3 4 5 |  5.4
Armour         | 1 2 |  2.9
Shields        | 1 2 |  2.4
Stealth        | 2 3 4 |  4.7
Evocations     | 3 |  3.9
Dodging        | 1 2 |  2.1
Short Blades   | |  2.0
Spellcasting   | |  1.0
Translocations | |  2.0
Poison Magic   | |  2.6

Action                   |  1- 3 |  4- 6 |  7- 9 || total
-------------------------+-------+-------+-------++-------
Melee: Falchion          |    40 |       |       ||    40
       Hand axe          |    50 |   218 |   227 ||   495
 Abil: Spit Poison       |    24 |    15 |     4 ||    43
Evoke: Wand              |       |     5 |     5 ||    10
  Use: Potion            |       |     2 |     3 ||     5
       Scroll            |       |     4 |     7 ||    11
  Eat: Chunk             |     3 |    11 |     4 ||    18
Armor: Robe              |    17 |       |       ||    17
       Scale mail        |    31 |    49 |       ||    80
       Chain mail        |       |    68 |   109 ||   177
       Skin              |       |     4 |    52 ||    56
Dodge: Dodged            |    47 |    60 |    33 ||   140
Block: Buckler           |    11 |    32 |    36 ||    79
       Rpst.: Falchion   |    10 |       |       ||    10
